 Dungeon Crawl Stone Soup version 0.27-a0-604-g29a88b33a7 (webtiles) character file.

Game seed: 15859263608312055273

104 EnegeticOcto the Twirler (level 5, -3/34 HPs)
             Began as a Halfling Gladiator on Mar 12, 2021.
             Slain by a shadow imp (5 damage)
             ... on level 5 of the Dungeon.
             The game lasted 00:04:15 (642 turns).

EnegeticOcto the Twirler (Halfling Gladiator)        Turns: 642, Time: 00:04:15

Health: -3/34      AC:  6    Str: 15    XL:     5   Next: 7%
Magic:  5/5        EV: 14    Int:  7    God:
Gold:   90         SH:  0    Dex: 16    Spells: 4/4 levels left

rFire    . . .     SeeInvis +   a - +0 quarterstaff
rCold    . . .     Faith    .   (shield currently unavailable)
rNeg     . . .     Spirit   .   l - +0 ring mail
rPois    .         Reflect  .   c - +0 helmet
rElec    .         Harm     .   (no cloak)
rCorr    .         Rampage  .   (no gloves)
Will     .....                  (no boots)
Stlth    +.........             (no amulet)
HPRegen  0.11/turn              h - ring of see invisible
MPRegen  0.09/turn              (no ring)

@: lethally poisoned (-3 -> -7)
A: small, mutation resistance 1
a: no special abilities


You were on level 5 of the Dungeon.
You visited 1 branch of the dungeon, and saw 5 of its levels.

You collected 90 gold pieces.

Inventory:

Hand Weapons
 a - a +0 quarterstaff (weapon)
Missiles
 d - 3 throwing nets (quivered) {!f}
Armour
 b - a +0 leather armour
 c - a +0 helmet (worn)
 l - a +0 ring mail (worn)
   (You found it on level 2 of the Dungeon)
Jewellery
 h - a ring of see invisible (right hand)
   (You found it on level 1 of the Dungeon)
Scrolls
 g - a scroll of blinking {@r4}
 i - 2 scrolls of teleportation {unknown}
 j - a scroll of immolation {unknown}
 k - a scroll of fear {unknown}


   Skills:
 - Level 1.7 Fighting
 + Level 4.4 Staves
 - Level 2.0 Throwing
 - Level 3.2 Dodging


You had 4 spell levels left.
You didn't know any spells.
Your spell library was empty.

Dungeon Overview and Level Annotations

Branches:
Dungeon (5/15)
 Temple: D:4-7

Altars:
Cheibriados
Okawaru


Innate Abilities, Weirdness & Mutations

You are small and have problems with some larger weapons.
You are somewhat resistant to further mutation.


Message History

Really read
e - a scroll of magic mapping {@r5 !r}?
As you read the scroll of magic mapping {@r5 !r}, it crumbles to dust.
You feel aware of your surroundings.
You sensed 1 altar.
There is an open door here.
There is a snail-covered altar of Cheibriados here.
There is an open door here.
(D) Dungeon
Where to? (Enter - D:4, ? - help)
There is a stone staircase leading down here.
You climb downwards.
There is a stone staircase leading up here.
A worker ant and a shadow imp come into view.
Found a scroll labelled QICOHE VIKHLUDGH.
The worker ant completely misses you.
There is an empty arch of ancient stone here.
You barely miss the worker ant. The worker ant bites you.
The worker ant bites you but does no damage.
The shadow imp gestures at you. Pain shoots through your body!
You are too injured to fight recklessly!
You are too injured to fight recklessly!
You are too injured to fight recklessly!
You are too injured to fight recklessly!
You are too injured to fight recklessly!
You are too injured to fight recklessly!
You are too injured to fight recklessly!
You are too injured to fight recklessly!
You are too injured to fight recklessly!
You are too injured to fight recklessly!
You are too injured to fight recklessly!
You are too injured to fight recklessly!
You are too injured to fight recklessly!
You are too injured to fight recklessly!
You are too injured to fight recklessly!
You hit the worker ant.
The worker ant is heavily wounded.
The worker ant closely misses you.
You hit the worker ant but do no damage.
The worker ant is heavily wounded.
The worker ant closely misses you. The worker ant barely misses you.
You barely miss the worker ant.
The worker ant is heavily wounded.
The worker ant bites you but does no damage.
You hit the worker ant.
The worker ant is severely wounded.
The worker ant bites you.
You are poisoned.
The worker ant poisons you!
You hit the worker ant but do no damage.
The worker ant is severely wounded.
You feel sick. The worker ant bites you!
* * * LOW HITPOINT WARNING * * *
You barely miss the worker ant.
The worker ant is severely wounded.
* * * LOW HITPOINT WARNING * * *
You feel sick.
The worker ant bites you but does no damage. x2
You hit the worker ant.
The worker ant is almost dead.
* * * LOW HITPOINT WARNING * * *
You feel sick. The worker ant completely misses you.
Really quaff
f - a potion of curing {@q1 !q}? [Y]es or [N]o only, please.
Really quaff
f - a potion of curing {@q1 !q}? [Y]es or [N]o only, please.
Really quaff
f - a potion of curing {@q1 !q}?
You feel better. The worker ant bites you.
* * * LOW HITPOINT WARNING * * *
You are lethally poisoned!
The worker ant poisons you!
You sock the worker ant!
You kill the worker ant!
* * * LOW HITPOINT WARNING * * *
You feel sick.
You have reached level 5!
You feel agile.
You feel sick.
You feel sick.
The shadow imp hits you but does no damage.
You hit the shadow imp but do no damage.
You feel sick. The shadow imp gestures at you.
You barely resist. You closely miss the shadow imp.
The shadow imp hits you but does no damage.
The shadow imp hits you.
* * * LOW HITPOINT WARNING * * *
You sock the shadow imp!
The shadow imp is severely wounded.
* * * LOW HITPOINT WARNING * * *
You feel sick. The shadow imp misses you.
You hit the shadow imp but do no damage.
The shadow imp is severely wounded.
The shadow imp hits you.
* * * LOW HITPOINT WARNING * * *
You completely miss the shadow imp.
The shadow imp is severely wounded.
* * * LOW HITPOINT WARNING * * *
You feel sick. The shadow imp hits you.
You die...

# #.#. .# # #
#.#.#
.#+#+#.#.#.#.#.#
........#.#.#.#
###. .....#.....#
#.#..
....#....+#....
+#+#5#.....#.#.#
#.#.#@#.#+#.#.##
#...#.#.#.#.#.##
##∩#####.#.#.#.##
#...# ##.#.#.#.#
##?## ##.#.#.#
∩.∩ ##.#.# #.#
##.<.# ####
##.#.#.#
#.###.#.#.#.#


You could see a shadow imp.

Vanquished Creatures
  Jessica (D:2)
  A worker ant (D:5)
  2 adders
  A dart slug (D:1)
  2 leopard geckos
  A giant cockroach (D:1)
  4 goblins
  2 hobgoblins
  7 jackals
  A kobold (D:1)
  3 quokkas (D:2)
  2 bats (D:1)
  A leopard gecko zombie (D:4)
  3 rats (D:1)
31 creatures vanquished.

Notes
Turn   | Place    | Note
-------+----------+-------------------------------------------
     0 | D:1      | EnegeticOcto the Halfling Gladiator began the quest for the
                  | Orb.
     0 | D:1      | Reached XP level 1. HP: 14/14 MP: 1/1
    93 | D:1      | Reached XP level 2. HP: 13/19 MP: 2/2
    99 | D:1      | Reached skill level 3 in Staves
   211 | D:2      | Noticed Jessica
   215 | D:2      | Killed Jessica
   216 | D:2      | Reached XP level 3. HP: 21/24 MP: 3/3
   323 | D:2      | Reached XP level 4. HP: 29/29 MP: 4/4
   380 | D:2      | Reached skill level 4 in Staves
   421 | D:3      | Found an iron altar of Okawaru.
   555 | D:4      | Found a snail-covered altar of Cheibriados.
   603 | D:5      | Entered Level 5 of the Dungeon
   635 | D:5      | Reached XP level 5. HP: 9/34 MP: 5/5
   642 | D:5      | Slain by a shadow imp

Illustrated notes

Levels and vault maps discovered:
D:1:      kennysheep_arrival_forest, layout_basic
D:2:      layout_basic, uniq_sigmund, uniq_crazy_yiuf_cottage, uniq_jessica
D:3:      layout_basic, general_overflow_altar, st_stairs_11,
          kennysheep_nondescript
D:4:      layout_loops_ring, kennysheep_little_box,
          nicolae_ru_great_annihilating_truth, uniq_menkaure
D:5:      layout_basic, nicolae_hepliaklqana_ecumenical_no_more,
          lemuel_round_altar, amethyst_overflow_temple_binary, tgw_trog,
          uniq_duvessa

Skill      XL: |  1  2  3  4 |
---------------+-------------+-----
Staves         | 3 4 |  4.4
Fighting       | |  1.7
Throwing       | |  2.0
Dodging        | |  3.2

Action                   |  1- 3 |  4- 6 || total
-------------------------+-------+-------++-------
Melee: Quarterstaff      |    29 |    62 ||    91
  Use: Potion            |       |     4 ||     4
       Scroll            |       |     3 ||     3
 Stab: Sleeping          |     1 |       ||     1
Armor: Leather armour    |    10 |       ||    10
       Ring mail         |       |    18 ||    18
Dodge: Dodged            |    17 |    56 ||    73

Table legend: (Time is in decaauts)
 A = Elapsed time spent in this place.
 B = Non-inter-level travel time spent in this place.
 C = Inter-level travel time spent in this place.
 D = Time resting spent in this place.
 E = Time spent auto-exploring this place.
 F = Levels seen in this place.
 G = Mean time per level.
                   A        B        C        D        E       F      G
               +--------+--------+--------+--------+--------+-----+--------+
         Total |    650 |    637 |     13 |      0 |      0 |   5 |  130.0 |
       Dungeon |    650 |    637 |     13 |      0 |      0 |   5 |  130.0 |
               +--------+--------+--------+--------+--------+-----+--------+

Top non-repeatable levels by time:
     D:2: 208 daAuts
     D:1: 208 daAuts
     D:4: 141 daAuts
     D:3: 53 daAuts
     D:5: 39 daAuts
